 Dungeon Crawl Stone Soup version 0.30-a0-439-g9e77e4d916 (webtiles) character file.

Game seed: 3567394764223896497

148779 ragingrage the Stormcaller (level 17, -16/124 HPs)
             Began as an Octopode Air Elementalist on Dec 10, 2022.
             Was an Initiate of Gozag.
             Demolished by an ettin
             ... wielding a +0 dire flail
              (33 damage)
             ... on level 14 of the Dungeon on Dec 11, 2022.
             The game lasted 00:54:35 (47801 turns).

ragingrage the Stormcaller (OpAE)                  Turns: 47801, Time: 00:54:36

Health: -16/124    AC:  3    Str:  8    XL:     17   Next: 20%
Magic:  55/57      EV: 23    Int: 34    God:    Gozag
Gold:   3035       SH:  0    Dex: 13    Spells: 20/35 levels left

rFire   + . .      SeeInvis .    b - +11 spear "Haakhled" {vorpal, +Blink rElec rF+}
rCold   . . .      Faith    .    (no shield)
rNeg    + + +      Spirit   .    R - +2 hat {Will+}
rPois   .          Reflect  .    m - amulet of regeneration
rElec   +          Harm     .    h - +6 ring of intelligence
rCorr   .          Rampage  .    g - ring of positive energy
Will    +++..                    u - ring of magical power
Stlth   ++++++....               z - +4 ring of evasion
HPRegen 1.20/turn                G - ring of positive energy
MPRegen 0.35/turn                o - ring "Goowkak" {Fly rN+ Will+ MP+9 Int+2}
                                 Z - ring of Gischyuc {Wiz Int+2}
                                 r - ring of magical power

@: on blink cooldown, flying
A: almost no armour, amphibious, 8 rings, camouflage 1, gelatinous body 1,
(nimble swimmer 1), tentacles
}: 1/15 runes: decaying
a: Renounce Religion, Evoke Blink, Potion Petition, Call Merchant, Bribe Branch


You were on level 14 of the Dungeon.
You worshipped Gozag.
Gozag was most pleased with you.
You visited 5 branches of the dungeon, and saw 27 of its levels.
You also visited: Ice Cave.

You collected 9402 gold pieces.
You spent 1504 gold pieces at shops.
You paid 4863 gold pieces to Gozag.

Inventory:

Hand Weapons
 a - the +4 sling of Indomitability {speed, rC+}
   (You found it in an ice cave)

   Attacks with this weapon are significantly faster.
   rC:        It protects you from cold.
 b - the +11 spear "Haakhled" (weapon) {vorpal, +Blink rElec rF+}
   (You found it on level 7 of the Dungeon)

   It inflicts extra damage upon your enemies.
   rF:        It protects you from fire.
   rElec:     It insulates you from electricity.
   +Blink:    It lets you blink.
 c - the +0 staff of Battle
   (You found it on level 5 of the Lair of Beasts)

   It enhances your conjuration magic.
   It summons a battlesphere in combat, with strength depending on Conjurations
   skill.
   Its strikes trigger the battlesphere's blasts.
 l - the +7 war axe of Ophusude {vorpal, rF++ rN+ Stlth+}
   (You bought it in a shop on level 2 of the Orcish Mines)

   It inflicts extra damage upon your enemies.
   rF:        It greatly protects you from fire.
   rN:        It protects you from negative energy.
   Stlth:     It makes you more stealthy.
Missiles
 i - 2 throwing nets
 S - 7 curare-tipped darts
Armour
 R - a +2 hat of willpower (worn)
Magical Staves
 M - a staff of poison
Jewellery
 g - a ring of positive energy (right tentacle)
 h - a +6 ring of intelligence (left tentacle)
 m - an amulet of regeneration (around mantle)
 o - the ring "Goowkak" (on tentacle) {Fly rN+ Will+ MP+9 Int+2}
   (You acquired it on level 10 of the Dungeon)

   [ring of flight]

   Int:       It affects your intelligence (+2).
   rN:        It protects you from negative energy.
   MP:        It affects your magic capacity (+9).
   Fly:       It grants you flight.
   Will:      It increases your willpower.
 r - a ring of magical power (on tentacle)
 u - a ring of magical power (on tentacle)
 z - a +4 ring of evasion (on tentacle)
 G - a ring of positive energy (on tentacle)
 Z - the ring of Gischyuc (on tentacle) {Wiz Int+2}
   (You found it on level 3 of the Swamp)

   [ring of wizardry]

   It improves your spell success rate.
   Int:       It affects your intelligence (+2).
Wands
 w - a wand of quicksilver (10)
 C - a wand of roots (11)
 H - a wand of flame (24)
 N - a wand of paralysis (5)
 O - a wand of polymorph (14)
 T - a wand of mindburst (9)
Scrolls
 f - 12 scrolls of teleportation
 n - 5 scrolls of immolation
 q - a scroll of summoning
 s - 5 scrolls of amnesia
 v - a scroll of blinking
 y - 7 scrolls of fear
 B - 3 scrolls of enchant weapon
 D - 5 scrolls of fog
 E - 4 scrolls of brand weapon
 F - a scroll of poison
 I - 6 scrolls of vulnerability
 J - 4 scrolls of magic mapping
 V - a scroll of enchant armour
 X - 2 scrolls of identify
Potions
 d - 3 potions of might
 e - 8 potions of mutation
 j - 7 potions of flight
 k - 10 potions of ambrosia
 p - 5 potions of berserk rage
 t - 18 potions of curing
 x - 7 potions of brilliance
 A - 8 potions of lignification
 K - 2 potions of magic
 L - 2 potions of attraction
 P - a potion of resistance
 Q - 5 potions of haste
 U - 2 potions of cancellation
 Y - 2 potions of heal wounds
Miscellaneous
 W - a tin of tremorstones (2/2)


   Skills:
 + Level 13.9 Fighting
 + Level 14.1 Dodging
 - Level 14.0 Stealth
 + Level 9.7 Spellcasting
 - Level 5.0 Conjurations
 - Level 4.0 Translocations
 + Level 16.8 Air Magic
 - Level 9.0 Evocations


You had 20 spell levels left.
You knew the following spells:

 Your Spells              Type           Power      Damage    Failure   Level
a - Shock                 Conj/Air       100%       1d9       1%          1
b - Static Discharge      Conj/Air       100%       2-7/arc   1%          2
c - Swiftness             Air            92%        N/A       0%          3
d - Airstrike             Air            46%        2d(7-23)  1%          4
e - Blink                 Tloc           86%        N/A       1%          2
f - Mephitic Cloud        Conj/Pois/Air  60%        N/A       1%          3

Your spell library contained the following spells:

 Spells                   Type           Power      Damage    Failure   Level
 Freeze                   Ice            64%        1d7       1%          1
 Magic Dart               Conj           100%       1d8       1%          1
 Summon Small Mammal      Summ           64%        N/A       1%          1
 Call Imp                 Summ           16%        N/A       1%          2
 Cigotuvi's Dreadful Rot  Necr/Pois/Air  100%       N/A       1%          2
 Ensorcelled Hibernation  Hex/Ice        32%        N/A       1%          2
 Momentum Strike          Conj/Tloc      94%        3d10      1%          2
 Passwall                 Tmut/Erth      13%        N/A       1%          2
 Scorch                   Fire           32%        2d6       1%          2
 Gell's Gravitas          Tloc           43%        N/A       1%          3
 Hailstorm                Conj/Ice       33%        3d8       1%          3
 Lesser Beckoning         Tloc           86%        N/A       1%          3
 Stone Arrow              Conj/Erth      66%        3d11      1%          3
 Teleport Other           Tloc           43%        N/A       1%          3
 Call Canine Familiar     Summ           16%        N/A       3%          3
 Frozen Ramparts          Ice            32%        1d5       3%          3
 Inner Flame              Hex/Fire       16%        N/A       3%          3
 Summon Guardian Golem    Hex/Summ       16%        N/A       3%          3
 Flame Wave               Conj/Fire      33%        2d10      4%          4
 Sticky Flame             Conj/Fire      33%        2d5       4%          4
 Anguish                  Hex/Necr       8%         N/A       11%         4
 Ice Form                 Ice/Tmut       16%        N/A       11%         4
 Blade Hands              Tmut           8%         N/A       28%         5
 Dispersal                Tloc           21%        N/A       32%         6
 Eringya's Noxious Bog    Tmut/Pois      8%         N/A       82%         6
 Summon Cactus Giant      Summ           8%         N/A       82%         6
 Enfeeble                 Hex            8%         N/A       100%        7
 Haunt                    Necr/Summ      8%         N/A       100%        7
 Infestation              Necr           8%         N/A       100%        8
 Lehudib's Crystal Spear  Conj/Erth      16%        10d5      100%        8
 Animate Armour           Summ/Erth      Unusable   N/A       N/A         4
 Animate Dead             Necr           Unusable   N/A       N/A         4

Dungeon Overview and Level Annotations

Branches:
Dungeon (15/15)            Temple (1/1) D:5            Lair (5/5) D:10
  Swamp (4/4) Lair:2       Spider (0/4) Lair:3        Slime (0/5) Lair:4
    Orc (2/2) D:10            Elf (0/3) Orc:2        Vaults (0/5) D:13
  IceCv (visited)
 Depths: D:15

Altars:
Ashenzari
Cheibriados
Dithmenos
Elyvilon
Fedhas
Gozag
Hepliaklqana
Kikubaaqudgha
Makhleb
Nemelex Xobeh
Okawaru
Qazlal
Ru
Sif Muna
Trog
Uskayaw
Vehumet
Wu Jian
Xom
Yredelemnul
Zin
The Shining One

Shops:
D:5 :[:[[   D:10 ?**?*   Orc:2 !(?(

Portals:
Trove: D:13 (give +4 demon whip)

Annotations:
D:4 Pikel
D:8 exclusion: downstairs
D:9 exclusion: door
D:14 3 runed translucent doors, 1 exclusion, Eweu's ghost, adept DjFE; Nezimene's ghost, journeyman FoFi; Pesafeac's ghost, journeyman OpCj
Lair:4 2 transporters
Orc:1 Erolcha, Snorg
Orc:2 exclusion: upstairs


Innate Abilities, Weirdness & Mutations

You cannot wear most types of armour.
You are amphibious.
You can wear up to eight rings at the same time.
Your skin changes colour to match your surroundings (Stealth+).
Your rubbery body absorbs attacks. (AC +1, EV +1)
((You are camouflaged when in or above water. (Stealth+)))
You have tentacles for arms and can constrict up to eight enemies at once.


Message History

The fireball explodes!
The fireball engulfs you!! You resist.
You hear a shout!
You hear a horrible gurgling sound! x2
There is a stone staircase leading up here.
You fly upwards.
Level annotation: 3 runed translucent doors, 1 exclusion, Eweu's ghost, adept DjFE; Nezimene's ghost, journeyman FoFi; Pesafeac's ghost, journeyman OpCj Reactivating autopickup.
There is a stone staircase leading down here.
HP restored.
Pesafeac's ghost whispers, "Be very very quiet, I'm hunting Octopi."
Eweu's ghost whispers, "Meet the emptiness of death!"
You see here a +2 vorpal hand axe.
There is a stone staircase leading down here.
You start resting.
Magic restored.
You fly downwards.
The ettin shouts in stereo!
The cyan ugly thing gurgles horribly!
The tengu warrior misses you.
The ettin hits you with a +0 dire flail!!
The ettin hits you with a +0 great mace!!
The cyan ugly thing basks in the mutagenic energy from its kin and changes!
The tengu warrior hits you from afar with a +4 halberd!
The deep troll shouts!
Found a scroll of vulnerability.
There is a stone staircase leading up, spattered with blood here.
Unknown command.
The ettin closely misses you.
The ettin hits you with a +0 great mace!!!
* * * LOW HITPOINT WARNING * * *
The tengu warrior hits you from afar with a +4 halberd!
* * * LOW HITPOINT WARNING * * *
You hear a horrible gurgling sound!
You fly upwards.
Level annotation: 3 runed translucent doors, 1 exclusion, Eweu's ghost, adept DjFE; Nezimene's ghost, journeyman FoFi; Pesafeac's ghost, journeyman OpCj
There is a stone staircase leading down here.
Casting: Airstrike (safe; 1% risk of failure)
Confirm with . or Enter, or press ? or * to list all spells.
You blink.
The ettin hits you with a +0 dire flail!!
You die...
Your body crumbles into a pile of gold.

##.##.# #.# ......# #.### ...####
#...# ##.######## ###.#
##........# #.# ..........# #.#
###.......# #.# # ######.>#
####.### ###♣⌠♣.##.# #.C@...#
..#....8### #§##.#.# ..#W....!
#.##.#.# ..+.....= #....#.#
..+W....8 #.####.# ..+......
##.####.# ##
..#.....!####.......# #.
..#....8##.....###.###### #.
###♣⌠♣)##.###.####......########.


You could see an ettin.

Vanquished Creatures
  Nikola (Swamp:3)
  Gastronok (Lair:2)
  A ghoul (Swamp:3)
  A reaper (IceCv)
  3 eleionomae
  A dire elephant (Lair:2)
  6 bunyips
  3 fire dragons (Swamp:4)
  A shambling mangrove (Swamp:1)
  18 hydras
  2 ghost crabs
  3 centaur warriors (D:14)
  5 ogre magi
  4 catoblepae
  3 boulder beetles
  4 alligators
  17 two-headed ogres
  10 death yaks
  Sonja (D:12)
  2 fire crabs (Swamp:4)
  4 skeletal warriors (D:14)
  5 spriggan druids
  7 goliath frogs
  2 death drakes (Swamp:3)
  7 swamp dragons
  3 bog bodies
  An orc knight (Orc:1)
  A lindwurm (Swamp:4)
  A deep elf zephyrmancer (D:15)
  An ugly thing (D:13)
  An orc sorcerer (Orc:1)
  2 oklob plants
  2 cyclopes
  2 manticores (Lair:5)
  27 elephants
  An ice statue (IceCv)
  4 black mambas
  8 cane toads
  A torpor snail (Lair:4)
  Maggie (D:7)
  A kobold demonologist (D:9)
  11 komodo dragons
  An efreet (D:14)
  2 rime drakes
  A hornet (shapeshifter) (D:14)
  3 meliai (D:13)
  A queen bee (D:13)
  7 tyrant leeches
  9 trolls
  2 polar bears
  4 bloated husks
  16 hornets
  19 blink frogs
  7 slime creatures
  4 dream sheep (Lair:4)
  17 spriggans
  Sigmund (D:4)
  A shadow (D:10)
  2 dire elephant simulacra (IceCv)
  2 wraiths
  27 yaks
  6 wyverns
  5 basilisks
  5 steam dragons
  8 vampire mosquitoes
  4 death yak simulacra (IceCv)
  14 swamp worms
  Menkaure (D:7)
  2 harpy simulacra (IceCv)
  3 wargs
  Duvessa (D:7)
  2 acid dragons
  11 swamp drakes
  16 water moccasins
  A hydra simulacrum (IceCv)
  2 black bears
  12 orc warriors
  27 ogres
  4 sky beasts
  6 centaurs
  36 wolves
  A lemure (D:4)
  4 kobold brigands
  A gnoll sergeant (D:12)
  3 necrophages
  3 cane toad simulacra (IceCv)
  10 bullfrogs
  4 two-headed ogre simulacra (IceCv)
  2 scorpions
  4 wights (D:7)
  Dowan (D:7)
  2 elephant simulacra (IceCv)
  A jelly (D:8)
  24 killer bees
  4 howler monkeys
  3 hounds
  9 orc priests
  Terence (D:3)
  2 iguanas (D:5)
  5 orc wizards
  6 troll simulacra (IceCv)
  9 spriggan simulacra (IceCv)
  18 gnolls
  6 naga simulacra (IceCv)
  6 adders
  A shadow imp (D:6)
  20 white imps
  9 ufetubi
  2 worms
  2 dart slugs (D:1)
  23 orcs
  4 bats
  7 endoplasms
  A giant cockroach (D:3)
  15 goblins
  5 hobgoblins
  2 quokkas
  3 ball pythons
  4 frilled lizards
  16 kobolds
  11 rats
  A fire vortex (Swamp:4)
727 creatures vanquished.

Vanquished Creatures (collateral kills)
  2 ghouls (Swamp:3)
  A necrophage (Swamp:3)
3 creatures vanquished.

Vanquished Creatures (others)
  A swamp dragon (Swamp:4)
  A bloated husk (Swamp:2)
  6 swamp drakes (Swamp:4)
  A bush (Lair:2)
  92 fungi
  110 plants
211 creatures vanquished.

Grand Total: 941 creatures vanquished

Notes
Turn   | Place    | Note
-------+----------+-------------------------------------------
     0 | D:1      | ragingrage the Octopode Air Elementalist began the quest
                  | for the Orb.
     0 | D:1      | Reached XP level 1. HP: 11/11 MP: 3/3
   153 | D:1      | Reached XP level 2. HP: 12/17 MP: 0/5
  1055 | D:2      | Learned a level 2 spell: Static Discharge
  1099 | D:2      | Reached XP level 3. HP: 21/21 MP: 1/6
  1220 | D:2      | Noticed Terence
  1244 | D:3      | Killed Terence
  1347 | D:3      | Learned a level 3 spell: Swiftness
  1492 | D:3      | Noticed an ogre
  1497 | D:3      | Reached skill level 4 in Air Magic
  1497 | D:3      | Reached XP level 4. HP: 24/27 MP: 5/7
  1500 | D:3      | Killed an ogre
  1501 | D:3      | Reached XP level 5. HP: 29/31 MP: 1/8
  1636 | D:3      | Reached skill level 5 in Air Magic
  1636 | D:3      | Reached XP level 6. HP: 36/36 MP: 2/9
  2998 | D:4      | Noticed Pikel
  3077 | D:4      | Noticed Sigmund
  3082 | D:4      | Killed Sigmund
  3083 | D:4      | Reached skill level 5 in Conjurations
  3083 | D:4      | Reached XP level 7. HP: 41/41 MP: 4/10
  3133 | D:4      | Learned a level 4 spell: Airstrike
  3152 | D:4      | Reached skill level 6 in Air Magic
  3528 | D:5      | Entered Level 5 of the Dungeon
  3533 | D:5      | Found Viroiroe's Book Shop.
  3544 | D:5      | Found a staircase to the Ecumenical Temple.
  3567 | Temple   | Entered the Ecumenical Temple
  3781 | Temple   | Became a worshipper of Gozag Ym Sagoz the Greedy
  3879 | D:5      | Found a sparkling altar of Nemelex Xobeh.
  3935 | D:5      | Found Tular's Book Emporium.
  4260 | D:5      | Found Jatrec's Armour Boutique.
  4327 | D:5      | Found Moak's Antique Armour Emporium.
  4393 | D:5      | Found a glowing golden altar of the Shining One.
  4421 | D:5      | Found a snail-covered altar of Cheibriados.
  4459 | D:5      | Reached skill level 7 in Air Magic
  4798 | D:5      | Found Gepros's Antique Armour Shop.
  5104 | D:6      | Noticed a steam dragon
  5107 | D:6      | Killed a steam dragon
  5108 | D:6      | Reached skill level 8 in Air Magic
  5108 | D:6      | Reached XP level 8. HP: 46/46 MP: 7/11
  5632 | D:6      | Reached skill level 1 in Fighting
  5870 | D:6      | Reached skill level 9 in Air Magic
  6159 | D:6      | Found a hazy altar of Hepliaklqana.
  6351 | D:7      | Noticed a troll
  6354 | D:7      | Killed a troll
  6355 | D:7      | Reached XP level 9. HP: 55/55 MP: 8/12
  6524 | D:7      | Noticed Duvessa
  6524 | D:7      | Noticed Dowan
  6529 | D:7      | Killed Duvessa
  6894 | D:7      | Killed Dowan
  6895 | D:7      | Reached skill level 10 in Air Magic
  7098 | D:7      | Identified the +11 spear "Haakhled" {vorpal, +Blink rElec
                  | rF+}
  7179 | D:7      | Noticed Maggie
  7182 | D:7      | Killed Maggie
  7379 | D:7      | Noticed Menkaure
  7383 | D:7      | Killed Menkaure
  7482 | D:7      | Found a sacrificial altar of Ru.
  7900 | D:8      | Reached skill level 5 in Dodging
  8012 | D:8      | Reached skill level 11 in Air Magic
  8022 | D:8      | Reached XP level 10. HP: 27/65 MP: 4/13
  8230 | D:8      | Reached skill level 5 in Fighting
  8637 | D:9      | Noticed a necromancer
  8780 | D:9      | Noticed a kobold demonologist
  8793 | D:10     | Entered Level 10 of the Dungeon
  8847 | D:9      | Killed a kobold demonologist
  9457 | D:9      | Got Sif Muna's Quarto of Vitiation and Transmigration
  9735 | D:9      | Reached skill level 12 in Air Magic
 10048 | D:10     | Found a broken altar of Ashenzari.
 10074 | D:10     | Found a staircase to the Lair.
 10504 | D:10     | Found a staircase to the Orcish Mines.
 10605 | D:10     | Reached XP level 11. HP: 74/74 MP: 14/14
 11263 | D:11     | Reached skill level 13 in Air Magic
 11366 | D:11     | Noticed a cyclops
 11371 | D:11     | Killed a cyclops
 11907 | D:11     | Noticed a boulder beetle
 12427 | Lair:1   | Entered Level 1 of the Lair of Beasts
 13880 | Lair:2   | Reached skill level 5 in Stealth
 14403 | Lair:2   | Noticed an oklob plant
 14410 | Lair:2   | Killed an oklob plant
 14839 | Lair:2   | Reached XP level 12. HP: 84/84 MP: 4/15
 15438 | Lair:2   | Noticed a five-headed hydra
 15443 | Lair:2   | Killed a five-headed hydra
 16023 | Lair:2   | Found a staircase to the Swamp.
 16150 | Lair:2   | Reached skill level 14 in Air Magic
 16706 | Lair:2   | Noticed a boulder beetle
 17038 | Lair:3   | Noticed a four-headed hydra
 17045 | Lair:3   | Killed a four-headed hydra
 17349 | Lair:3   | Reached skill level 10 in Dodging
 17664 | Lair:3   | Reached skill level 1 in Evocations
 17703 | Lair:3   | Reached XP level 13. HP: 91/91 MP: 7/16
 18126 | Lair:3   | Found a hole to the Spider Nest.
 18389 | Lair:3   | Reached skill level 10 in Stealth
 18616 | Lair:3   | Reached skill level 10 in Fighting
 19099 | Lair:4   | Found a transporter.
 19105 | Lair:4   | Found a transporter.
 19156 | Lair:4   | Found a frozen archway.
 19296 | IceCv    | Entered an ice cave
 20739 | IceCv    | Identified the +4 sling of Indomitability {speed, rC+}
 21044 | IceCv    | Noticed a reaper
 21082 | IceCv    | Killed a reaper
 21277 | IceCv    | Got Offu's Precepts of Coordinates
 21281 | IceCv    | Learned a level 2 spell: Blink
 21367 | IceCv    | Found the +2 cloak of the Thief {*Fog Slay-2 SInv Stlth+}
 22519 | Lair:4   | Reached skill level 1 in Translocations
 23235 | Lair:4   | Found a staircase to the Slime Pits.
 23554 | D:10     | Bought a potion of curing for 57 gold pieces
 23554 | D:10     | Bought a scroll of summoning for 180 gold pieces
 23556 | D:10     | Bought a scroll of magic mapping for 82 gold pieces
 23562 | D:10     | Bought 2 fizzy ruby potions for 45 gold pieces
 23562 | D:10     | Bought a white potion for 22 gold pieces
 23898 | Lair:2   | Noticed a dire elephant
 23921 | Lair:2   | Killed a dire elephant
 24923 | Lair:2   | Found a hide-covered altar of Uskayaw.
 24924 | Lair:2   | Found an ornate altar of the Wu Jian Council.
 25080 | Lair:2   | Noticed Gastronok
 25282 | Lair:2   | Killed Gastronok
 25283 | Lair:2   | Reached skill level 15 in Air Magic
 25283 | Lair:2   | Reached XP level 14. HP: 99/99 MP: 9/20
 26368 | Lair:5   | Entered Level 5 of the Lair of Beasts
 26379 | Lair:5   | Reached skill level 5 in Evocations
 26544 | Lair:5   | Learned a level 3 spell: Mephitic Cloud
 27623 | Lair:5   | Reached skill level 5 in Spellcasting
 30372 | Lair:5   | Found the +0 staff of Battle
 31188 | Orc:1    | Entered Level 1 of the Orcish Mines
 31382 | Orc:2    | Entered Level 2 of the Orcish Mines
 32043 | Orc:2    | Found a staircase to the Elven Halls.
 32360 | Orc:1    | Noticed Erolcha
 32360 | Orc:1    | Noticed Snorg
 32567 | Orc:2    | Reached XP level 15. HP: 107/107 MP: 16/24
 33842 | Orc:2    | Found Nusayqiu's Magic Scroll Boutique.
 33842 | Orc:2    | Found Odusi's Distillery.
 33843 | Orc:2    | Found Doter's Weapon Emporium.
 33843 | Orc:2    | Found Nupnigagh's Antique Weapon Boutique.
 33973 | Orc:2    | Bought a potion of haste for 150 gold pieces
 33973 | Orc:2    | Bought a potion of lignification for 45 gold pieces
 33976 | Orc:2    | Bought an iridescent war axe for 195 gold pieces
 33976 | Orc:2    | Identified the +7 war axe of Ophusude {vorpal, rF++ rN+
                  | Stlth+} (You bought it in a shop on level 2 of the Orcish
                  | Mines)
 35084 | D:12     | Noticed Sonja
 35087 | D:12     | Killed Sonja
 35595 | D:13     | Found a portal to a secret trove of treasure.
 36634 | D:13     | Found a gate to the Vaults.
 37622 | D:14     | Paralysed by a hornet for 3 turns
 38758 | D:10     | Bought a scroll of acquirement for 728 gold pieces
 38758 | D:10     | Acquired the ring "Goowkak" {Fly rN+ Will+ MP+9 Int+2}
 38813 | Swamp:1  | Entered Level 1 of the Swamp
 39696 | Swamp:1  | Reached XP level 16. HP: 116/116 MP: 27/27
 41406 | Swamp:2  | Reached skill level 16 in Air Magic
 42800 | Swamp:3  | Noticed Nikola
 42813 | Swamp:3  | Killed Nikola
 43293 | Swamp:3  | Identified the ring of Gischyuc {Wiz Int+2}
 44280 | Swamp:4  | Entered Level 4 of the Swamp
 45736 | Swamp:4  | Got a decaying rune of Zot
 45749 | Swamp:4  | Reached XP level 17. HP: 65/124 MP: 30/30
 47263 | D:14     | Found a runed translucent gate.
 47263 | D:14     | Found a runed translucent gate.
 47264 | D:14     | Found a runed translucent gate.
 47268 | D:14     | Noticed Pesafeac's ghost (journeyman OpCj)
 47268 | D:14     | Noticed Eweu's ghost (adept DjFE)
 47269 | D:14     | Noticed Nezimene's ghost (journeyman FoFi)
 47675 | D:15     | Entered Level 15 of the Dungeon
 47801 | D:14     | Demolished by an ettin

Illustrated notes

Levels and vault maps discovered:
D:1:      enne_arrival_octagon_isle, layout_basic
D:2:      layout_basic, minmay_tetromino_s2, uniq_terence
D:3:      layout_basic, grunt_decor_resistance, st_stairs_13,
          minmay_ogre_servants
D:4:      layout_gridville, uniq_sigmund, uniq_pikel, uniq_natasha
D:5:      cheibrodos_iron_armory, layout_basic,
          nemelex_xobeh_ov_fountains_minmay, mainiacjoe_overflow_big_doors,
          temple_green, serial_shops, kennysheep_mini_moat,
          nicolae_shop_crystal, nicolae_shop_hallway_stairs, shop,
          nicolae_stop_n_shop_1, grunt_ministairs_12
D:6:      layout_gridville, worldfamousw_hep_ancestral_shrine
D:7:      layout_rooms, nicolae_ru_great_annihilating_truth,
          kennysheep_big_empty_room, uniq_menkaure, uniq_maggie, uniq_duvessa
D:8:      layout_basic, minmay_misc_feat_plants
D:9:      layout_irregular_city, eino_house_with_fridge
D:10:     layout_small_grid, general_overflow_altar, david_lair_shrubbed,
          david_orc_3
D:11:     layout_stronghold
D:12:     layout_irregular_city, lemuel_flamethrower_hall, uniq_sonja
D:13:     layout_roguey, david_vaults_2, special_room [special_room_bee],
          enter_trove_3
D:14:     layout_loops_cross, gammafunk_ghost_cemetery, chequers_mini_garden
D:15:     hangedman_depths_entry_civil_slaughter, layout_rooms, serial_shops,
          nicolae_lakefront_shop
Temple:   compressed_dpeg_triangle_lava_temple
Lair:1:   layout_roguey
Lair:2:   mu_elephants_graveyard, layout_loops_ring, skrybe_swamp_entry_bodies,
          minivault_23, chequers_serial_rivers_micro_c,
          nzn_masters_of_martial_movement, uniq_gastronok
Lair:3:   layout_misc_corridors, dummy_spider_entry,
          grunt_forest_large_clearings, infiniplex_staircase_pool_2,
          serial_bayou_shore_b
Lair:4:   gammafunk_boulding_lane, layout_cave_pods, dpeg_slime_entry_enclosed,
          portal_ice_cave_entry_imps
Lair:5:   evilmike_catoblepas_cave, layout_cave_pods, infiniplex_staircase_pool,
          grunt_megastairs_2, serial_bayou_shore_b
Swamp:1:  layout_basic_swamp, nicolae_swamp_ascending_descending
Swamp:2:  layout_falls_marsh, serial_swamp_ruin, evilmike_swamp_ruin_house_3,
          evilmike_swamp_ruin_house_4, evilmike_swamp_ruin_rubble_1,
          swamp_pool4, st_swamp_ruins_1
Swamp:3:  layout_basic_swamp, hangedman_swamp_diagram, nicolae_swamp_drake_lake,
          uniq_nikola
Swamp:4:  swamp_fiery, layout_basic_swamp, swamp_pool2
Orc:1:    layout_diamond_mine, uniq_erolcha, uniq_snorg
Orc:2:    st_orc_ogre_mass, layout_diamond_mine

Skill      XL: |  1  2  3  4  5  6  7  8  9 10 11 12 13 14 15 16 17 |
---------------+----------------------------------------------------+-----
Conjurations   | 2 3 4 5 |  5.0
Air Magic      | 4 5 8 9 11 12 13 14 15 16 | 16.8
Fighting       | 2 4 6 8 9 10 11 12 13 | 13.9
Dodging        | 3 5 7 8 10 11 12 13 14 | 14.1
Stealth        | 6 9 11 13 14 | 14.0
Evocations     | 1 4 7 8 9 |  9.0
Spellcasting   | 4 6 7 9 |  9.7
Translocations | 2 4 |  4.0

Action                   |  1- 3 |  4- 6 |  7- 9 | 10-12 | 13-15 | 16-18 || total
-------------------------+-------+-------+-------+-------+-------+-------++-------
Melee: Unarmed           |    13 |       |       |       |       |       ||    13
       Tentacles         |    10 |     1 |     3 |    19 |    31 |     2 ||    66
       Constrict         |     6 |     1 |     5 |    13 |    13 |     2 ||    40
       Dagger            |     8 |     7 |    15 |       |       |       ||    30
       Spear             |       |       |     3 |    74 |   160 |       ||   237
       Punch             |       |       |       |     1 |     1 |     1 ||     3
       Staff             |       |       |       |       |       |     9 ||     9
 Fire: Sling             |       |       |       |       |    50 |       ||    50
 Cast: Shock             |    55 |    65 |   149 |   108 |   141 |     2 ||   520
       Swiftness         |       |     1 |       |     1 |       |       ||     2
       Airstrike         |       |       |    45 |   239 |   762 |   414 ||  1460
       Static Discharge  |       |       |       |       |    19 |       ||    19
       Blink             |       |       |       |       |     1 |     1 ||     2
       Mephitic Cloud    |       |       |       |       |     1 |     1 ||     2
Invok: Call Merchant     |       |       |       |       |     5 |       ||     5
       Potion Petition   |       |       |       |       |     1 |     1 ||     2
Evoke: Wand              |       |       |       |       |     8 |     2 ||    10
       Tin of tremorston |       |       |       |       |     2 |       ||     2
  Use: Scroll            |       |       |     7 |     4 |    13 |     6 ||    30
       Potion            |       |       |       |       |     3 |       ||     3
 Stab: Sleeping          |     1 |       |       |       |     1 |       ||     2
       Distracted        |       |       |       |       |     1 |       ||     1
       Paralysed         |       |       |       |       |     4 |       ||     4
Armor: Skin              |       |       |       |     3 |     8 |     2 ||    13
Dodge: Dodged            |    13 |     4 |    36 |   114 |   295 |   107 ||   569
Block: Other             |     9 |     2 |       |       |       |       ||    11
       Reflection        |     1 |       |       |       |       |       ||     1

Table legend: (Time is in decaauts)
 A = Elapsed time spent in this place.
 B = Non-inter-level travel time spent in this place.
 C = Inter-level travel time spent in this place.
 D = Time resting spent in this place.
 E = Time spent auto-exploring this place.
 F = Levels seen in this place.
 G = Mean time per level.
                   A        B        C        D        E       F      G
               +--------+--------+--------+--------+--------+-----+--------+
         Total |  47868 |  45522 |   2346 |  18094 |  21356 |  28 | 1709.6 |
       Dungeon |  17652 |  16597 |   1055 |   4323 |  10200 |  15 | 1176.8 |
        Temple |    219 |    214 |      5 |      0 |    198 |   1 |  219.0 |
          Lair |  16124 |  15275 |    849 |   7164 |   5963 |   5 | 3224.8 |
         Swamp |   7844 |   7520 |    324 |   3276 |   3402 |   4 | 1961.0 |
  Orcish Mines |   3145 |   3034 |    111 |   1482 |   1158 |   2 | 1572.5 |
      Ice Cave |   2882 |   2882 |      0 |   1849 |    435 |   1 | 2882.0 |
               +--------+--------+--------+--------+--------+-----+--------+

Top non-repeatable levels by time:
  Lair:2: 4327 daAuts
  Lair:5: 3991 daAuts
  Lair:4: 2920 daAuts
   IceCv: 2882 daAuts
  Lair:3: 2508 daAuts
    D:13: 2389 daAuts
  Lair:1: 2376 daAuts
 Swamp:4: 2266 daAuts
   Orc:2: 2234 daAuts
 Swamp:2: 2056 daAuts
 Swamp:3: 1990 daAuts
    D:14: 1736 daAuts
 Swamp:1: 1530 daAuts
     D:9: 1460 daAuts
    D:10: 1431 daAuts
